Cogmind - Beta 14 @@@ ROGUE MODE // 2024.09.16 @ 16:49:10 Player: arkn Result: Destroyed by YI-UF0 with YI-UF0's Doublenader Performance ------------- Evolutions (0) 0 Regions Visited (2) 400 Robots Destroyed (24) 120 Value Destroyed (426) 426 Prototype IDs (0) 0 Alien Tech Used (0) 0 Bonus (0) 0 TOTAL SCORE: 946 Bonus ------- None Cogmind --------- Core Integrity 0/250 Matter 238/300 Energy 100/100 System Corruption 0% Temperature Cool (16) Movement Hovering (116) Ox1 Location -10/Mines Parts ------- > --- POWER (1) -------- (None) > --- PROPULSION (2) --- Improved Hover Unit Improved Hover Unit > --- UTILITY (2) ------ Disposable Heat Sink Medium Storage Unit > --- WEAPON (2) ------- Autogun Battle Cannon > --- INVENTORY (10) --- Improved Hover Unit Seismic Detector Seismic Detector Seismic Detector Autogun Autogun Grenade Launcher Mining Laser Peak State ------------ > --- POWER ------------ Ion Engine > --- PROPULSION ------- Improved Hover Unit Improved Hover Unit > --- UTILITY ---------- Disposable Heat Sink Small Storage Unit > --- WEAPON ----------- Light EM Pulse Cannon Light EM Pulse Cannon > --- INVENTORY -------- Improved Hover Unit Improved Hover Unit Medium Storage Unit Seismic Detector Light EM Pulse Cannon Light EM Pulse Cannon Grenade Launcher Mining Laser [Rating: 13] Favorites ----------- Power Ion Engine Engine Ion Engine Power Core Light Nuclear Core Propulsion Improved Hover Unit Leg Aluminum Leg Wheel Wheel Hover Unit Improved Hover Unit Utility Seismic Detector Device Seismic Detector Storage Small Storage Unit Weapon Autogun Energy Gun EM Pulse Gun Energy Cannon Light EM Pulse Cannon Ballistic Gun Autogun Ballistic Cannon Battle Cannon Special Weapon Mining Laser Build | -11 -10 -10 ------- Run | Yrd Mat Min Slots Evolved . | . . . Power . | . . . Propulsion . | . . . Utility . | . . . Weapon . | . . . Parts Attached 36 | 1 29 6 Power 2 | . 2 . Engine 1 | . 1 . Core 1 | . 1 . Reactor . | . . . Propulsion 7 | . 5 2 Treads . | . . . Leg . | . . . Wheel 3 | . 3 . Hover 4 | . 2 2 Flight . | . . . Utility 11 | 1 8 2 Device 10 | 1 7 2 Storage 1 | . 1 . Processor . | . . . Hackware . | . . . Protection . | . . . Artifact . | . . . Weapon 16 | . 14 2 Energy Gun 4 | . 4 . Energy Cannon 5 | . 5 . Ballistic Gun 3 | . 2 1 Ballistic Cannon 1 | . . 1 Launcher . | . . . Special Weapon 3 | . 3 . Impact Weapon . | . . . Slashing Weapon . | . . . Piercing Weapon . | . . . Special Melee Weapon . | . . . Unidentified Prototypes . | . . . Parts Lost 8 | . 5 3 Power 2 | . 1 1 Propulsion 2 | . 1 1 Utility 1 | . 1 . Weapon 3 | . 2 1 Highest Loss Streak 4 | . 4 3 To Critical Strikes . | . . . Average Slot Usage (%) 99 | . 98 99 Engine 11 | . 10 13 Core 2 | . 3 . Leg 4 | . 6 . Wheel 8 | . 11 . Hover 14 | . 9 28 Device 13 | . 13 14 Storage 14 | . 14 14 Energy Gun 6 | . 8 . Energy Cannon 3 | . 5 . Ballistic Gun 15 | . 11 27 Special Weapon 1 | . 2 . Peak Build Rating 13 | 7 13 13 Average Rating 10 | 6 9 11 On Entrance 8 | 6 7 12 Naked Turns . | . . . Heaviest Build 24 | 12 24 22 Greatest Support 26 | 20 26 14 Greatest Overweight (x) 3 | . 2 3 Average Overweight (x) . | . . 1 Largest Inventory Capacity 10 | 8 10 10 Average Capacity 8 | 8 8 10 Most Carried 10 | 8 10 10 Average Carried 8 | 6 8 9 Final Capacity 10 | 8 10 10 Final Carried 10 | 8 10 8 Class Distribution -------------------- 89% | Mutant 10% | Scavenger-Mutant Dominant Class ---------------- Mutant | -10/Materials Mutant | -10/Mines Resources | -11 -10 -10 ----------- Run | Yrd Mat Min Matter Collected 661 | 216 404 41 Remotely 20 | . 20 . Salvage Created 737 | 120 617 . Parts 60 | 7 53 . Haulers Intercepted 2 | . 2 . Recyclers Shooed 2 | 1 . 1 Parts Field Recycled . | . . . Retrieved Matter . | . . . Parts Self-Destructed . | . . . Prevented . | . . . Kills | -11 -10 -10 ------- Run | Yrd Mat Min Combat Hostiles Destroyed 16 | . 16 . Guns 12 | . 12 . Cannons 4 | . 4 . Classes Destroyed 6 | 2 4 . Tunneler 2 | 2 . . Hauler 2 | . 2 . Recycler 1 | 1 . . Watcher 3 | . 3 . Swarmer 9 | . 9 . Grunt 7 | . 7 . Best Kill Streak 3 | 2 3 . Combat Bots Only 3 | . 3 . Max Kills in Single Turn 1 | 1 1 . Gunslinging . | . . . Exploded . | . . . Melee . | . . . Uniques/NPCs Destroyed . | . . . Combat | -11 -10 -10 -------- Run | Yrd Mat Min Hostile Shots Fired 110 | . 91 19 Missed 30 | . 23 7 Damage Taken 1176 | . 725 451 Core 250 | . 109 141 Absorbed by Shields . | . . . Core Remaining (%) 100 | 100 . . Volleys Fired 70 | 7 59 4 Largest 2 | 2 2 2 Hottest 112 | 40 112 62 Shots Fired 129 | 14 107 8 Gun 98 | 14 79 5 Cannon 27 | . 24 3 Launcher . | . . . Special 4 | . 4 . Kinetic 60 | 14 38 8 Thermal 32 | . 32 . Explosive . | . . . Electromagnetic 37 | . 37 . Robot Hit Streak 10 | 4 10 4 Robot Miss Streak 3 | 2 3 1 Penetration Max . | . . . Secondary Targets 1 | . 1 . Max Gunslinging Chain 1 | . 1 . Shots Hit Robots 73 | 8 59 6 Core Hits 35 | 3 30 2 Critical Kills 1 | . 1 . Critical Parts Destroyed . | . . . Critical Strikes 3 | . 3 . Destroy 1 | . 1 . Corrupt 2 | . 2 . Melee Attacks . | . . . Impact . | . . . Slashing . | . . . Piercing . | . . . Sneak Attacks . | . . . Combat Hostiles . | . . . Follow-up Attacks . | . . . Damage Inflicted 1132 | 112 913 107 Guns 869 | 112 692 65 Cannons 240 | . 198 42 Explosions 23 | . 23 . Melee . | . . . Ramming . | . . . Kinetic 572 | 112 353 107 Thermal 189 | . 189 . Explosive . | . . . Electromagnetic 371 | . 371 . Impact . | . . . Slashing . | . . . Piercing . | . . . Highest Corruption . | . . . Average Corruption . | . . . Corruption Purged . | . . . Corruption Blocked . | . . . Overload Shots . | . . . Overflow Damage 1 | . . 1 Projectiles 1 | . . 1 Explosions . | . . . Melee . | . . . Knockbacks . | . . . Impact . | . . . Kinetic . | . . . Secondary . | . . . Self-Inflicted Damage . | . . . Shots . | . . . Rammed . | . . . Targets Rammed . | . . . Kicked . | . . . Crushed . | . . . Highest Temperature 190 | . 190 16 Average Temperature 56 | . 58 10 Received Heat Transfer 297 | . 288 9 Siege Activations . | . . . Robots Corrupted . | . . . Combat Hostiles . | . . . Parts Fried 4 | . 4 . Impact Corruptions . | . . . Robots Melted . | . . . Combat Hostiles . | . . . Parts Melted 2 | . 2 . Heat Transferred 531 | . 531 . Parts Sabotaged . | . . . Parts Stolen . | . . . Parts Stripped . | . . . Power Chain Reactions 1 | . 1 . Alert | -11 -10 -10 ------- Run | Yrd Mat Min Peak Influence 201 | 15 201 78 Initial 78 | . 9 78 Average 67 | 10 75 49 Maximum Alert Level 1 | . 1 . Low Security (%) 96 | 100 95 100 Level 1 3 | . 4 . Level 2 . | . . . Level 3 . | . . . Level 4 . | . . . Level 5 . | . . . High Security . | . . . Max Security . | . . . Squads Dispatched 1 | . 1 . Investigation 1 | . 1 . Extermination . | . . . Reinforcement . | . . . Assault . | . . . Garrison . | . . . Intercept . | . . . Searches Triggered . | . . . Construction Impeded . | . . . Haulers Reinforced . | . . . Active Scanning Responses . | . . . Cargo Convoy Interrupts . | . . . Stealth | -11 -10 -10 --------- Run | Yrd Mat Min Distress Signals . | . . . Communications Jammed . | . . . Distress Signals . | . . . Times Spotted 27 | . 25 2 Peak Tracking Total 3 | . 3 2 Tactical Retreats 4 | . 3 1 Traps | -11 -10 -10 ------- Run | Yrd Mat Min Traps Triggered 1 | . 1 . Indirectly . | . . . Trap Hack Attempts . | . . . Triggered . | . . . Disarmed . | . . . Reprogrammed . | . . . Reused . | . . . Traps Extracted . | . . . Installed . | . . . Triggered 1 | . 1 . Machines | -11 -10 -10 ---------- Run | Yrd Mat Min Machines Disabled . | . . . Max in Single Turn . | . . . Machines Repaired . | . . . Machines Dismantled . | . . . Machines Sabotaged . | . . . Overloaded Fab Kills . | . . . Hacking | -11 -10 -10 --------- Run | Yrd Mat Min Machines Accessed 9 | . 9 . Terminals 8 | . 8 . Fabricators . | . . . Repair Stations . | . . . Recycling Units 1 | . 1 . Scanalyzers . | . . . Garrison Access . | . . . Total Hacks 25 | . 25 . Successful 12 | . 12 . Failed 13 | . 13 . Catastrophic 1 | . 1 . Database Lockouts . | . . . Manual 24 | . 24 . Terminals 24 | . 24 . Fabricators . | . . . Repair Stations . | . . . Recycling Units 1 | . 1 . Scanalyzers . | . . . Garrison Access . | . . . Terminal Hacks . | . . . Fabricator Hacks . | . . . Repair Station Hacks . | . . . Recycling Unit Hacks 1 | . 1 . Report Inventory 1 | . 1 . Scanalyzer . | . . . Garrison Access Hacks . | . . . Unauthorized Hacks 11 | . 11 . Terminals 11 | . 11 . Track 3 | . 3 . Assimilate 2 | . 2 . Botnet 5 | . 5 . Operators 1 | . 1 . Fabricators . | . . . Repair Stations . | . . . Recycling Units . | . . . Scanalyzers . | . . . Garrison Access . | . . . Data Cores Recovered . | . . . Used . | . . . Hacking Detections 8 | . 8 . Full Trace Events . | . . . Feedback Events . | . . . Feedback Blocked . | . . . Robot Schematics Acquired . | . . . Robots Built . | . . . Authchips . | . . . Time . | . . . Total Robot Build Rating . | . . . Part Schematics Acquired . | . . . Parts Built . | . . . Authchips . | . . . Time . | . . . Total Part Build Rating . | . . . Parts Repaired . | . . . Time . | . . . Parts Recycled . | . . . Recycled Matter . | . . . Retrieved Matter . | . . . Retrieved Components . | . . . Parts Scanalyzed . | . . . Part Schematics Acquired . | . . . Parts Damaged . | . . . Bothacking | -11 -10 -10 ------------ Run | Yrd Mat Min Used RIF Installer . | . . . Robots Hacked . | . . . Non-combat . | . . . Combat . | . . . Robot Hacks Applied . | . . . Relay Couplers Released . | . . . Fabnet Peak Effective % . | . . . Robots Rewired . | . . . Allies Hacked . | . . . Hacks Repelled . | . . . Allies | -11 -10 -10 -------- Run | Yrd Mat Min Total Allies . | . . . Largest Group . | . . . Highest-Rated Group . | . . . Highest-Rated Ally . | . . . Total Orders . | . . . Ally Attacks . | . . . Total Damage . | . . . Kills . | . . . Allies Corrupted . | . . . Allies Melted . | . . . Intel | -11 -10 -10 ------- Run | Yrd Mat Min Robot Analysis Total . | . . . Derelict Logs Recovered 2 | . . 2 Drone Launches . | . . . Drone Recoveries . | . . . Exploration | -11 -10 -10 ------------- Run | Yrd Mat Min Turns Passed 2619 | 67 1905 647 Spaces Moved 1293 | 17 880 396 Core . | . . . Treads . | . . . Legs 102 | 17 85 . Wheels 339 | . 339 . Hover 852 | . 456 396 Flight . | . . . Fastest Speed 80 | 120 80 116 Average Speed 109 | 120 105 116 Slowest Speed 240 | 120 180 240 Overloaded Moves . | . . . Propulsion Burnouts . | . . . Robots Hopped . | . . . Cave-ins Triggered . | . . . Exploration Rate (%) 59 | 2 95 82 Regions Visited 2 Branch Regions 1 Pre-discovered Areas 2 | . . 2 Known Exits Taken . | . . . Unknown Exits Taken 2 | 1 1 . Scrap Searched 2 | . . 2 Spaces Dug 4 | . 4 . Terrain Destroyed 8 | . 7 1 Melee . | . . . Projectile 5 | . 4 1 AOE 3 | . 3 . Terrain Rammed . | . . . Walls Destroyed . | . . . Machines Disabled . | . . . Actions | -11 -10 -10 --------- Run | Yrd Mat Min Total 2371 | 51 1747 573 Wait 926 | 21 740 165 Move 1291 | 16 879 396 Hop . | . . . Pick Up 23 | 4 18 1 Fast Attach 9 | 1 8 . Attach 9 | . 7 2 Detach 1 | . 1 . Swap 18 | . 14 4 Drop 24 | 2 21 1 Fire 70 | 7 59 4 Melee . | . . . Ram . | . . . Kick . | . . . Crush . | . . . Escape Stasis . | . . . Rewire . | . . . Trap . | . . . Miscellaneous . | . . . Route ------- -11/Scrapyard -10/Materials (discovered 5 exits: [*Mat x3] / [*Min x2]) -10/Mines (discovered 2 exits: [*Mat x2]) History --------- Turn | Location | Event 14 | -11/Scrapyard | Discovered new exit (range 3) 68 | -11/Scrapyard | Entered Materials 300 | -10/Materials | Build established: Mutant 841 | -10/Materials | Lost 4 parts (1n1u2w) 848 | -10/Materials | Discovered new exit (range 8) 1059 | -10/Materials | Discovered new exit (range 13) 1331 | -10/Materials | Discovered new exit (range 13) 1614 | -10/Materials | Discovered new exit (range 16) 1740 | -10/Materials | Discovered new exit (range 8) 1973 | -10/Materials | Entered Mines 1982 | -10/Mines | YI-UF0 nonchalantly dropped a Grenade Launcher on the ground 2125 | -10/Mines | A weapon hastily lodged in a ceiling crevice suddenly fell to the ground 2251 | -10/Mines | Discovered new exit (range 9) 2282 | -10/Mines | Learned location of Mines (-9) 2310 | -10/Mines | Learned location of Zion (-7) 2332 | -10/Mines | Found a hidden stash of uninstalled traps 2442 | -10/Mines | Discovered new exit (range 9) 2606 | -10/Mines | Core integrity fell below 50% 2615 | -10/Mines | Core integrity fell below 20% 2620 | -10/Mines | Destroyed by YI-UF0 with YI-UF0's Doublenader Last Messages --------------- 02332_ A stash of uninstalled traps is collected here! 02442_ EXIT=FOUND 02498_ YI-UF0 mumbles something. 02593_ U-05 Engineer lays Concrete. 02595_ U-05 Engineer builds a Wall. 02596_ YI-UF0: "BOOSH!" 02597_ YI-UF0: "Whaaaaaaaa!" 02598_ The unstable cave ceiling collapses. 02598_ K-01 Serf collects debris. 02599_ The unstable cave ceiling collapses. 02601_ YI-UF0: "BADABOOM!" 02601_ R-06 Scavenger destroyed. 02601_ Imp. Hover Unit destroyed. 02603_ T-07 Excavator destroyed. 02605_ Acquired 3 matter. 02605_ Autogun destroyed. 02606_ The unstable cave ceiling collapses. 02611_ Ion Engine destroyed. 02612_ Destroyed Shock Absorption System. 02615_ The unstable cave ceiling collapses. Map ----- +----------------------------------------------------+ | ??????????????????# #?????????? | | ??????????????????####### #?????????? | | ????????????????????????# #?????????? | | ??????????######????????# #?????????? | | ??????##### ########## #?????????? | | ??????# ## #?????????? | | ####### ## ## #####?????????? | | ## ## ## #?????????????? | | ####### ## #?????????????? | | ??##### ## ##### ##??#?????????? | | ??# #######???# ##? ?????????? | | ??# ### #????????## ## ##???????? | | ??????# #????????# #####???? | | ??????# ??????## ##??? | | ??????# ?????# #??? | | ??# ???# #??? | | ??????## ##?# ### [ ##??? | | ???????? ##?# ##?# % # #???? | | ???????? #??# #??# *# #???? | | ???????? ##??## ##### % #???? | | ???????? #????## ## =# #???? | | ???????? #?????## ## g #???? | | ???????? ##??????##### % #???? | | ???????? #??????????# #???? | | ????????????????????# # #???? | | ????????????????????# @ # #???? | | ????????????????????# # #???? | | ???????????????????# #???? | | ???????????????????# ###???? | | ???????????????????# #?????? | | ???????????????????# # # #?????? | | ???????????????????## # #?????? | | ??????????????????## # ####???? | | ????????????????### ] ##??? | | ???????????????## ##?? | | ???????????????# ### ### #?? | | ??????????????## ##?## ### ##? | | ??????????????# #???## ### #? | | ??????#####??## #????####?# #? | | ?????## #### ##?????????# #? | | ##??## ## ##??????????# ##? | | #?## ##???????????# #####?? | | #?# #????????????# #?????? | | #?# ##????????????# #?????? | | #?# ###?????????????# #?????? | | ### ###??????#######??# #?????? | | ### ##???????## ##?# #?????? | | #?## #????????# """ ### #?????? | | #### ##???????# """ #?????? | | ## ##?????## """ #####?????? | +----------------------------------------------------+ Best States ------------- Heat Dissipation 39 Coolant Potential 50 Energy Generation 14 Energy Capacity 250 Matter Stores 300 Matter Capacity 300 Sight Range 16 Terrain Scan Density 10 Evasion (%) 55 Item Schematics ----------------- None Robot Schematics ------------------ None Fabricated ------------ Nothing Alien Tech Used ----------------- None Achievements -------------- None Challenges ------------ None Game ------ Seed LongswordCorruptionMapper Manual? 0 Play Time 00:50:03 Cumulative 247.4 hours Start 2024.09.15 @ 21:43:47 End 2024.09.16 @ 16:49:10 Sessions 1 Manual Loads 0 Difficulty Rogue Special Mode None Game No. 176 Rogue 159 Adventurer 11 Explorer 6 Win Type - Total 4 Types 4/0/0/0/0/0/0/0/0 Lore% 38 Gallery% 59 Achievement% 49 Wizard Run 0 Options --------- Layout 0 ASCII 0 Keyboard 0 Movement Numpad Keybinds 0 Fullscreen 2 Font 24/Smallcaps Map View 113x50 Zoom Use 0% Tactical HUD 1 Map Filters NONE Filters NONE Steam X RUN: 0d028dd7-ccf8-45ab-a3b9-bb9ba0ad4c74